 Dungeon Sprint DCSS version 0.19.0-24-gb05acd6 (webtiles) character file.

19439 igo the Impaler (level 12, -2/88 HPs)
             Began as a Gargoyle Skald on Nov 21, 2016.
             Was the Champion of Makhleb.
             Slain by a fire giant
             ... wielding a +0 great sword of flaming
              (15 damage)
             ... in the Dungeon (Sprint IX: "|||||||||||||||||||||||||||||").
             The game lasted 00:14:26 (1510 turns).

igo the Impaler (Gargoyle Skald)                    Turns: 1510, Time: 00:14:27

Health: -2/88      AC: 41    Str: 20    XL:     12   Next: 69%
Magic:  15/15      EV: 11    Int: 16    God:    Makhleb [******]
Gold:   148        SH:  0    Dex: 10    Spells: 1 memorised, 14 levels left

rFire  . . .     SeeInvis .     I - +3 glaive
rCold  . . .     Gourm    .     u - +3 plate armour
rNeg   + . .     Faith    .     (shield currently unavailable)
rPois  ∞         Spirit   .     D - +0 helmet
rElec  +         Reflect  .     t - +2 cloak
rCorr  .         Harm     .     s - +2 pair of gloves
MR     .....     NoTele   +     y - +0 pair of boots
Stlth  ..........               (no amulet)
                                v - +3 ring of intelligence
                                w - +2 ring of protection

@: hasted, very quick
A: negative energy resistance 1, electricity resistance, unbreathing,
petrification resistance, rot immunity, AC +8
a: Minor Destruction, Lesser Servant of Makhleb, Major Destruction, Greater
Servant of Makhleb, Renounce Religion


You were in the Dungeon.
You worshipped Makhleb.
Makhleb was exalted by your worship.
You were very hungry.

You visited 1 branch You collected 1908 gold pieces.
You spent 1760 gold pieces at shops.

Inventory:

Hand Weapons
 a - a +0 spear
 n - a +2 halberd of venom
 o - a +2 morningstar of protection
 p - a +4 quarterstaff of speed
 q - a +2 rapier of holy wrath
 r - the +2 scimitar of the Wasp {drain, rElec rPois}
   (You found it in the Dungeon)

   A truly terrible weapon, it drains the life of those it strikes.
   It insulates you from electricity.
   It protects you from poison.
 I - a +3 glaive (weapon)
 N - a +1 demon whip of flaming
Armour
 b - a +0 leather armour
 s - a +2 pair of gloves (worn)
 t - a +2 cloak (worn)
 u - a +3 plate armour (worn)
 y - a +0 pair of boots (worn)
 D - a +0 helmet (worn)
 J - the +8 chain mail "Sucsitz" {rC- rCorr Dex+2}
   (You found it in the Dungeon)

   It affects your dexterity (+2).
   It makes you vulnerable to cold.
   It protects you from acid and corrosion.
 K - the +18 shield of the Gong {rElec rN+ MR+ EV-5}
   (You found it in the Dungeon)

   It affects your evasion (-5).
   It insulates you from electricity.
   It protects you from negative energy.
   It affects your resistance to hostile enchantments.
 L - +1 fire dragon scales
 M - +0 shadow dragon scales
Magical Staves
 m - an uncursed staff of energy
Jewellery
 v - a +3 ring of intelligence (right hand)
 w - a +2 ring of protection (left hand)
 x - an uncursed amulet of faith
 G - an uncursed ring of protection from magic
 H - an uncursed ring of protection from fire
Wands
 l - a wand of iceblast (0/15)
Scrolls
 i - 4 scrolls of remove curse
 k - 2 scrolls of amnesia
 z - a scroll of identify
 A - 3 scrolls of fear
 Q - a scroll of blinking
Potions
 f - 2 potions of curing
 h - 4 potions of magic
 O - a potion of agility
Books
 c - a book of Battle

   Spells                             Type                      Level
   a - Infusion                       Charms                       1
   b - Shroud of Golubria             Charms/Translocation         2
   c - Song of Slaying                Charms                       2
   d - Spectral Weapon                Hexes/Charms                 3
   e - Regeneration                   Charms/Necromancy            3
 g - a book of Geomancy

   Spells                             Type                      Level
   a - Sandblast                      Earth                        1
   b - Passwall                       Transmutation/Earth          2
   c - Stone Arrow                    Conjuration/Earth            3
   d - Petrify                        Transmutation/Earth          4
   e - Lee's Rapid Deconstruction     Earth                        5
 j - a book of Minor Magic

   Spells                             Type                      Level
   a - Magic Dart                     Conjuration                  1
   b - Blink                          Translocation                2
   c - Call Imp                       Summoning                    2
   d - Repel Missiles                 Charms/Air                   2
   e - Slow                           Hexes                        2
   f - Conjure Flame                  Conjuration/Fire             3
   g - Mephitic Cloud                 Conjuration/Poison/Air       3
 E - a book of the Tempests

   Spells                             Type                      Level
   a - Static Discharge               Conjuration/Air              3
   b - Lightning Bolt                 Conjuration/Air              5
   c - Fireball                       Conjuration/Fire             5
   d - Tornado                        Air                          9
   e - Shatter                        Earth                        9
 F - a book of Frost

   Spells                             Type                      Level
   a - Freeze                         Ice                          1
   b - Throw Frost                    Conjuration/Ice              2
   c - Ozocubu's Armour               Charms/Ice                   3
   d - Throw Icicle                   Conjuration/Ice              4
   e - Summon Ice Beast               Ice/Summoning                4
Comestibles
 d - 13 bread rations
 B - 40 fruits
 C - 12 meat rations


   Skills:
 + Level 15.9 Fighting
 * Level 17.2 Polearms
 + Level 15.7 Armour
 + Level 12.6 Dodging
 - Level 2.0 Spellcasting
 - Level 2.6 Charms


You had 14 spell levels left.
You knew the following spells:

 Your Spells              Type           Power        Failure   Level  Hunger
a - Infusion              Chrm           ##..         78%         1    #......


Dungeon Overview and Level Annotations

Branches:
Dungeon (1/1)

Altars:
Cheibriados
Dithmenos
Elyvilon
Fedhas
Gozag
Hepliaklqana
Kikubaaqudgha
Makhleb
Nemelex Xobeh
Okawaru
Qazlal
Ru
Sif Muna
Trog
Uskayaw
Vehumet
Xom
Yredelemnul
Zin
The Shining One
Beogh
Jiyva
Lugonu

Shops:
D [(:[


Innate Abilities, Weirdness & Mutations

You are resistant to torment.
Your stone body is resilient. (AC +8)
You are immune to poison.
You resist negative energy. (rN+)
You are resistant to electric shocks. (rElec)
You can survive without breathing.
You are immune to petrification.
You are immune to rotting.


Message History

Press: ? - help, Dir - move target cursor, f - fire giant
Aim: a fire giant, wielding a great sword of flaming You reach to attack!
You hit the fire giant but do no damage.
You hit the fire giant but do no damage.
The fire giant gestures at you while chanting.
The fireball explodes!
The fireball engulfs you!
The fireball engulfs the fire giant.
The fire giant resists.
You completely miss the fire giant.
The fire giant is lightly wounded.
The wizard becomes larger for a moment.
The fire giant casts a spell at you.
The fireball explodes!
The fireball engulfs you!
* * * LOW HITPOINT WARNING * * *
The fireball engulfs the fire giant.
The fire giant resists.
You feel yourself speed up.
The wizard gestures wildly while chanting.
The wizard blinks!
The fire giant hits you with a great sword of flaming!
You die...

▓▓▓▓▓▓▓▓▓▓▓▓▓▓▓▓▓▓▓▓▓▓▓▓
..T§.CC@p..))†)...(.....
▓▓▓▓▓▓▓▓▓▓▓▓▓▓▓▓▓▓▓▓▓▓▓▓▓▓▓▓▓▓▓▓▓
.............................)...
▓▓▓▓▓▓▓▓▓▓▓▓▓▓▓▓▓▓▓▓▓▓▓▓▓▓▓▓▓▓▓▓▓
.......'.....∩)∩(∩.∩..)))'(......
▓▓▓▓▓▓▓▓▓▓▓▓▓▓▓▓▓▓▓▓▓▓▓▓▓▓▓▓▓▓▓▓▓
............)....................
▓▓▓▓▓▓▓▓▓▓▓▓▓▓▓▓▓▓▓▓▓▓▓▓▓▓▓▓▓▓▓▓▓
..'..[.[...'.)(...†.....'........


You could see a fire giant, a stone giant, a deep troll shaman and a wizard.

Vanquished Creatures
  2 dire elephants (D)
  Josephine (D)
  A hydra (D)
  A rakshasa (D)
  Erolcha (D)
  An ice dragon (D)
  A tengu warrior (D)
  An orc high priest (D)
  9 orc knights (D)
  An orc sorcerer (D)
  6 elephants (D)
  Maurice (D)
  5 spiny frogs (D)
  A rime drake (D)
  An efreet (D)
  A troll (D)
  A blink frog (D)
  A hippogriff (D)
  3 wraiths (D)
  A basilisk (D)
  A yak (D)
  A vampire mosquito (D)
  3 water moccasins (D)
  3 porcupines (D)
  15 orc warriors (D)
  3 sky beasts (D)
  2 centaurs (D)
  An ogre (D)
  2 wolves (D)
  2 bullfrogs (D)
  A howler monkey (D)
  5 orc priests (D)
  An orc wizard (D)
  2 adders (D)
  A shadow imp (D)
  An ooze (D)
  A dart slug (D)
  A leopard gecko (D)
  9 orcs (D)
  A bat (D)
  A bat skeleton (D)
  A goblin (D)
  A jackal (D)
  A frilled lizard (D)
  A quokka skeleton (D)
101 creatures vanquished.

Vanquished Creatures (others)
  A necromancer (D)
  A worker ant (D)
2 creatures vanquished.

Grand Total: 103 creatures vanquished

Notes
Turn   | Place    | Note
-------+----------+-------------------------------------------
     0 | D        | igo the Gargoyle Skald began the quest for the Orb.
     0 | D        | Reached XP level 1. HP: 12/12 MP: 3/3
     9 | D        | Reached skill level 2 in Polearms
     9 | D        | Reached skill level 1 in Dodging
    22 | D        | Reached XP level 2. HP: 9/18 MP: 5/5
    41 | D        | Noticed an ogre
    47 | D        | Reached skill level 3 in Polearms
    55 | D        | Killed an ogre
    55 | D        | Reached skill level 5 in Polearms
    55 | D        | Reached XP level 3. HP: 17/25 MP: 6/6
    55 | D        | Reached XP level 4. HP: 21/30 MP: 7/7
    57 | D        | Reached skill level 5 in Fighting
    67 | D        | Found a roughly hewn altar of Beogh.
    67 | D        | Found a snail-covered altar of Cheibriados.
    67 | D        | Found a shadowy altar of Dithmenos.
    67 | D        | Found a white marble altar of Elyvilon.
    67 | D        | Found a blossoming altar of Fedhas.
    67 | D        | Found an opulent altar of Gozag.
    68 | D        | Found a hazy altar of Hepliaklqana.
    69 | D        | Found a viscous altar of Jiyva.
    70 | D        | Found an ancient bone altar of Kikubaaqudgha.
    71 | D        | Found a corrupted altar of Lugonu.
    72 | D        | Found a burning altar of Makhleb.
    73 | D        | Found a sparkling altar of Nemelex Xobeh.
    74 | D        | Found an iron altar of Okawaru.
    75 | D        | Found a stormy altar of Qazlal.
    76 | D        | Found a sacrificial altar of Ru.
    77 | D        | Found a deep blue altar of Sif Muna.
    78 | D        | Found a bloodstained altar of Trog.
    79 | D        | Found a hide-covered altar of Uskayaw.
    80 | D        | Became a worshipper of Makhleb the Destroyer
    81 | D        | Found a radiant altar of Vehumet.
    82 | D        | Found a shimmering altar of Xom.
    83 | D        | Found a basalt altar of Yredelemnul.
    84 | D        | Found a glowing silver altar of Zin.
    85 | D        | Found a glowing golden altar of the Shining One.
   104 | D        | Got the +2 scimitar of the Wasp {drain, rElec rPois}
   141 | D        | Noticed a centaur
   146 | D        | Reached XP level 5. HP: 33/35 MP: 8/8
   153 | D        | Killed a centaur
   153 | D        | Reached skill level 6 in Polearms
   153 | D        | Reached skill level 5 in Armour
   156 | D        | Reached * piety under Makhleb
   156 | D        | Reached skill level 7 in Polearms
   156 | D        | Reached XP level 6. HP: 41/42 MP: 9/9
   168 | D        | Noticed a troll
   168 | D        | Noticed a sky beast
   168 | D        | Noticed a yak
   168 | D        | Noticed a hippogriff
   176 | D        | Killed a hippogriff
   176 | D        | Reached ** piety under Makhleb
   176 | D        | Reached skill level 8 in Polearms
   176 | D        | Reached skill level 5 in Dodging
   176 | D        | Reached XP level 7. HP: 31/48 MP: 10/10
   179 | D        | Killed a yak
   179 | D        | Reached skill level 9 in Polearms
   191 | D        | Killed a troll
   191 | D        | Reached *** piety under Makhleb
   191 | D        | Reached skill level 10 in Polearms
   191 | D        | Reached XP level 8. HP: 21/56 MP: 11/11
   310 | D        | Noticed a spiny frog
   310 | D        | Noticed a spiny frog
   310 | D        | Noticed a spiny frog
   310 | D        | Noticed a spiny frog
   310 | D        | Noticed a five-headed hydra
   333 | D        | Killed a 15-headed hydra
   333 | D        | Reached skill level 10 in Fighting
   333 | D        | Reached skill level 11 in Polearms
   333 | D        | Reached XP level 9. HP: 57/62 MP: 12/12
   337 | D        | Killed a spiny frog
   337 | D        | Reached skill level 10 in Armour
   344 | D        | Reached **** piety under Makhleb
   350 | D        | Killed a spiny frog
   350 | D        | Reached skill level 12 in Polearms
   355 | D        | Killed a spiny frog
   359 | D        | Killed a spiny frog
   372 | D        | Reached ***** piety under Makhleb
   383 | D        | Reached XP level 10. HP: 70/70 MP: 13/13
   398 | D        | Noticed a spiny frog
   400 | D        | Reached skill level 13 in Polearms
   418 | D        | Killed a spiny frog
   422 | D        | Reached ****** piety under Makhleb
   436 | D        | Noticed an elephant
   436 | D        | Noticed an elephant
   436 | D        | Noticed a dire elephant
   436 | D        | Noticed an elephant
   436 | D        | Noticed a dire elephant
   436 | D        | Noticed an elephant
   454 | D        | Noticed an elephant
   465 | D        | Killed a dire elephant
   465 | D        | Reached skill level 14 in Polearms
   499 | D        | Killed a dire elephant
   505 | D        | Killed an elephant
   505 | D        | Reached skill level 10 in Dodging
   505 | D        | Reached XP level 11. HP: 47/77 MP: 14/14
   540 | D        | Reached skill level 15 in Polearms
   652 | D        | Noticed Josephine
   667 | D        | Killed Josephine
   720 | D        | Noticed Maurice
   756 | D        | Killed Maurice
   849 | D        | Noticed an orc high priest
   849 | D        | Noticed an orc knight
   852 | D        | Noticed an orc sorcerer
   862 | D        | Killed an orc knight
   862 | D        | Reached skill level 16 in Polearms
   880 | D        | Noticed an orc knight
   896 | D        | Killed an orc high priest
   900 | D        | Paralysed by an orc sorcerer for 4 turns
   905 | D        | Noticed a soul eater
   917 | D        | Killed an orc sorcerer
   935 | D        | Killed an orc knight
   963 | D        | Noticed an orc knight
   993 | D        | Killed an orc knight
   993 | D        | Reached XP level 12. HP: 26/86 MP: 15/15
  1017 | D        | Found Sauhyir's Antique Armour Boutique.
  1031 | D        | Found Ylesk's Book Shop.
  1063 | D        | Reached skill level 15 in Fighting
  1066 | D        | Found Iriedir's Antique Weapon Boutique.
  1073 | D        | Found Nucvoeju's Armour Shop.
  1091 | D        | Reached skill level 15 in Armour
  1116 | D        | Bought a book of Geomancy for 385 gold pieces
  1116 | D        | Bought a book of Minor Magic for 220 gold pieces
  1116 | D        | Bought a book of the Tempests for 770 gold pieces
  1116 | D        | Bought a book of Frost for 385 gold pieces
  1197 | D        | Noticed Erolcha
  1211 | D        | Killed Erolcha
  1279 | D        | Got the +8 chain mail "Sucsitz" {rC- rCorr Dex+2}
  1353 | D        | Noticed a rakshasa
  1375 | D        | Noticed a tengu warrior
  1389 | D        | Noticed an ice dragon
  1429 | D        | Killed a rakshasa
  1438 | D        | Killed a tengu warrior
  1438 | D        | Reached skill level 17 in Polearms
  1454 | D        | Killed an ice dragon
  1504 | D        | Noticed a fire giant
  1506 | D        | Noticed a stone giant
  1507 | D        | Noticed a deep troll shaman
  1510 | D        | Slain by a fire giant

Skill      XL: |  1  2  3  4  5  6  7  8  9 10 11 12 |
---------------+-------------------------------------+-----
Polearms       | 2 5 7 8 10 11 12 14 16 17 | 17.2
Dodging        | 1 3 4 5 6 7 8 10 11 12 | 12.6
Armour         | 2 4 5 7 8 9 11 12 14 15 | 15.7
Fighting       | 4 5 6 7 9 10 11 12 14 15 | 15.9
Spellcasting   | |  2.0
Charms         | |  2.6

Action                   |  1- 3 |  4- 6 |  7- 9 | 10-12 || total
-------------------------+-------+-------+-------+-------++-------
Melee: Spear             |    42 |     9 |       |       ||    51
       Halberd           |       |    21 |    79 |   377 ||   477
       Glaive            |       |       |       |   104 ||   104
Evoke: Wand              |       |       |     3 |     4 ||     7
  Use: Potion            |     3 |     2 |     4 |    12 ||    21
       Scroll            |       |       |     7 |     4 ||    11
 Stab: Invisible         |       |     3 |       |       ||     3
  Eat: Chunk             |       |       |       |     3 ||     3
Armor: Leather armour    |    10 |     2 |       |       ||    12
       Plate armour      |       |    28 |   117 |   207 ||   352
Dodge: Dodged            |    16 |    17 |    38 |   104 ||   175
